 Dungeon Crawl Stone Soup version 0.21.0-24-g2553a33 (webtiles) character file.

480 pstr the Digger (level 7, -9/56 HPs)
             Began as a Naga Earth Elementalist on Jan 19, 2018.
             Was a Believer of Cheibriados.
             Killed by divine providence
             ... invoked by an orc priest
              (14 damage)
             ... on level 4 of the Dungeon.
             The game lasted 00:12:25 (5212 turns).

pstr the Digger (Naga Earth Elementalist)           Turns: 5212, Time: 00:12:26

Health: -9/56      AC:  3    Str: 15 (17) XL:     7   Next: 11%
Magic:  2/13       EV: 11    Int: 21 (23) God:    Cheibriados [**....]
Gold:   151        SH:  0    Dex: 16 (17) Spells: 3/14 levels left

rFire    + + .     SeeInvis +   p - +0 club
rCold    . . .     Gourm    .   (no shield)
rNeg     . . .     Faith    .   c - +0 robe
rPois    +         Spirit   .   (no helmet)
rElec    .         Reflect  .   (no cloak)
rCorr    .         Harm     .   (no gloves)
MR       +....                  (no barding)
Stlth    +++.......             A - amulet of regeneration
HPRegen  0.58/turn              f - ring of fire
MPRegen  0.13/turn              t - ring of protection from fire

@: lethally poisoned (-9 -> -9), short of breath, very slow
A: large, see invisible, cold resistance 1, deformed body, magic resistance 1,
poison resistance, slowness 2, slow metabolism 1, spit poison 1, AC +2
a: Spit Poison, Bend Time, Renounce Religion


You were on level 4 of the Dungeon.
You worshipped Cheibriados.
Cheibriados was pleased with you.
You were not hungry.

You visited 1 branch of the dungeon, and saw 4 of its levels.

You collected 151 gold pieces.

Inventory:

Hand Weapons
 p - a +0 club (weapon)
Missiles
 x - 84 arrows
Armour
 c - a +0 robe (worn)
 m - a +0 helmet
 r - a +0 pair of gloves
 s - a +0 leather armour
Jewellery
 f - a ring of fire (left hand)
 t - a ring of protection from fire (right hand)
 A - an amulet of regeneration (around neck)
Scrolls
 a - a scroll of enchant armour {unknown}
 g - 4 scrolls of identify {unknown}
 h - 2 scrolls of remove curse {unknown}
 j - 2 scrolls of amnesia {unknown}
 l - 3 scrolls of teleportation {unknown}
 w - a scroll of random uselessness {unknown}
 y - a scroll of fear {unknown}
Potions
 b - a potion of lignification {unknown}
 k - a potion of brilliance
 n - a potion of mutation
Books
 e - a book of Geomancy

   Spells                             Type                      Level
   a - Sandblast                      Earth                        1
   b - Passwall                       Transmutation/Earth          2
   c - Stone Arrow                    Conjuration/Earth            3
   d - Petrify                        Transmutation/Earth          4
   e - Lee's Rapid Deconstruction     Earth                        5
 B - a book of Necromancy

   Spells                             Type                      Level
   a - Pain                           Necromancy                   1
   b - Animate Skeleton               Necromancy                   1
   c - Vampiric Draining              Necromancy                   3
   d - Regeneration                   Charms/Necromancy            3
   e - Animate Dead                   Necromancy                   4
   f - Borgnjor's Vile Clutch         Necromancy/Earth             5
Comestibles
 d - 8 rations
 i - a chunk of flesh


   Skills:
 + Level 0.8 Fighting
 + Level 2.3 Dodging
 + Level 3.9 Stealth
 + Level 4.4 Spellcasting
 + Level 1.6 Conjurations
 + Level 0.1 Necromancy
   Level 1.0 Transmutations
 + Level 5.3 Earth Magic


You had 3 spell levels left.
You knew the following spells:

 Your Spells              Type           Power        Failure   Level  Hunger
a - Sandblast             Erth           ####..       1%          1    None
b - Stone Arrow           Conj/Erth      ###...       9%          3    ##.....
c - Lee's Rapid Deconstr  Erth           ####......   34%         5    ######.
d - Animate Skeleton      Necr           N/A          11%         1    None
e - Pain                  Necr           #...         11%         1    None


Dungeon Overview and Level Annotations

Branches:
Dungeon (4/15)
 Temple: D:4-7

Altars:
Ashenzari
Cheibriados
Makhleb
Qazlal
Sif Muna


Innate Abilities, Weirdness & Mutations

You cannot wear boots.
Your serpentine skin is tough. (AC +2)
You have supernaturally acute eyesight. (SInv)
Armour fits poorly on your strangely shaped body.
Your system is resistant to poisons. (rPois)
You cover ground very slowly.
You have a slow metabolism.
You can spit poison.
Your flesh is cold resistant. (rC+)
You are resistant to hostile enchantments. (MR+)


Message History

Press: ? - help, Shift-Dir - straight line, f/p - orc wizard
Aim: an orc wizard, wielding an enchanted dagger and wearing a robe (severely wounded, fast)
Okay, then.
Unknown command.
Press: ? - help, Shift-Dir - straight line, f/p - orc wizard
Aim: an orc wizard, wielding an enchanted dagger and wearing a robe (severely wounded, fast)
The splash of poison hits the adder.
The adder is poisoned.
The adder is severely wounded.
You feel slightly more hungry. The adder barely misses you. x2
You feel sick.
The orc priest invokes the aid of Beogh against you.
Beogh smites you!
* * * LOW HITPOINT WARNING * * *
The adder bites you.
* * * LOW HITPOINT WARNING * * *
The orc wizard mumbles some strange words.
The orc wizard flickers and vanishes for a moment.
The orc priest calls down the wrath of Beogh upon you.
Beogh smites you!
You die...

### ##.##
##...################
##.....##.oo.oS@.....#
##)....o.#.##########.#
...........#
##.......#.#
###.....##.##
...........#
####..####..#
o...........#
####.######.#


You could see an orc priest, an orc wizard (invisible), an adder and an orc.

Vanquished Creatures
  Eustachio (D:4)
  An orc priest (D:4)
  2 orc wizards (D:4)
  Terence (D:2)
  A worker ant (D:4)
  9 adders
  4 gnolls (D:3)
  2 worms
  3 dart slugs
  3 leopard geckos
  3 orcs
  2 ball pythons
  14 bats
  3 giant cockroaches
  11 goblins
  7 hobgoblins
  2 quokkas
  3 frilled lizards
  3 kobolds (D:1)
  5 rats
80 creatures vanquished.

Notes
Turn   | Place    | Note
-------+----------+-------------------------------------------
     0 | D:1      | pstr the Naga Earth Elementalist began the quest for the Orb.
     0 | D:1      | Reached XP level 1. HP: 15/15 MP: 3/3
   230 | D:1      | Reached XP level 2. HP: 22/22 MP: 3/5
   710 | D:1      | Reached XP level 3. HP: 28/28 MP: 2/6
   715 | D:1      | Learned a level 3 spell: Stone Arrow
  1571 | D:2      | Reached skill level 4 in Earth Magic
  1571 | D:2      | Reached XP level 4. HP: 36/36 MP: 2/8
  1971 | D:2      | You fall through a shaft for 2 floors!
  2211 | D:3      | Found a faded altar of an unknown god.
  2218 | D:3      | Became a worshipper of Cheibriados the Contemplative
  2218 | D:3      | Reached * piety under Cheibriados
  2221 | D:3      | Reached XP level 5. HP: 42/42 MP: 1/9
  2394 | D:3      | Found a shattered altar of Ashenzari.
  2887 | D:3      | Found a stormy altar of Qazlal.
  3210 | D:2      | Found a burning altar of Makhleb.
  3210 | D:2      | Noticed a green death
  3213 | D:2      | Noticed a neqoxec
  3213 | D:2      | Noticed a hellwing
  3396 | D:2      | Noticed Terence
  3402 | D:2      | Killed Terence
  3532 | D:2      | Reached ** piety under Cheibriados
  4205 | D:3      | Reached XP level 6. HP: 31/49 MP: 1/11
  4206 | D:3      | Reached skill level 1 in Conjurations
  4385 | D:3      | Learned a level 5 spell: Lee's Rapid Deconstruction
  4509 | D:3      | Found a deep blue altar of Sif Muna.
  4870 | D:4      | Learned a level 1 spell: Animate Skeleton
  4872 | D:4      | Learned a level 1 spell: Pain
  4916 | D:4      | Reached skill level 5 in Earth Magic
  5031 | D:4      | Noticed Eustachio
  5074 | D:4      | Gained mutation: Your flesh is cold resistant. (rC+) [potion of mutation]
  5074 | D:4      | Gained mutation: You are resistant to hostile enchantments. (MR+) [potion of mutation]
  5134 | D:4      | Killed Eustachio
  5134 | D:4      | Reached XP level 7. HP: 23/56 MP: 9/13
  5212 | D:4      | Killed from afar by an orc priest

Skill      XL: |  1  2  3  4  5  6 |
---------------+-------------------+-----
Earth Magic    | 4 5 |  5.3
Spellcasting   | 3 4 |  4.4
Conjurations   | 1 |  1.6
Dodging        | 2 |  2.3
Fighting       | |  0.8
Stealth        | |  3.9
Necromancy     | |  0.1
Transmutations | |  1.0

Action                   |  1- 3 |  4- 6 |  7- 9 || total
-------------------------+-------+-------+-------++-------
Melee: Unarmed           |     1 |     1 |       ||     2
       Club              |       |    23 |       ||    23
 Cast: Sandblast         |    34 |    42 |       ||    76
       Stone Arrow       |     7 |    50 |     4 ||    61
       Animate Skeleton  |       |     2 |       ||     2
 Abil: Spit Poison       |    10 |    15 |     2 ||    27
  Use: Potion            |       |     8 |       ||     8
  Eat: Chunk             |     3 |    11 |     1 ||    15
Armor: Robe              |     7 |    40 |     4 ||    51
Dodge: Dodged            |    27 |   101 |    15 ||   143
